 Dungeon Crawl Stone Soup version 0.25-a0-701-gb30f108f01 (webtiles) character file.

Game seed: 3710385029713808984, levelgen mode: deterministic

4511 DasRunzen the Conjurer (level 9, -10/78 HPs)
             Began as a Demigod Conjurer on Apr 2, 2020.
             Mangled by an orc warrior
             ... wielding a +0 short sword
              (15 damage)
             ... on level 8 of the Dungeon on Apr 3, 2020.
             The game lasted 00:21:03 (7423 turns).

DasRunzen the Conjurer (Demigod Conjurer)           Turns: 7423, Time: 00:21:03

Health: -10/78     AC:  6    Str: 11    XL:     9   Next: 96%
Magic:  5/22       EV: 17    Int: 23    God:
Gold:   360        SH:  0    Dex: 18    Spells: 14/20 levels left

rFire    . . .     SeeInvis .   i - +0 war axe (vamp)
rCold    . . .     Gourm    .   (no shield)
rNeg     . . .     Faith    .   a - +0 robe
rPois    +         Spirit   .   j - +0 helmet
rElec    .         Reflect  .   (no cloak)
rCorr    .         Harm     .   o - +0 pair of gloves
MR       +....                  (no boots)
Stlth    ++........             (no amulet)
HPRegen  0.23/turn              e - ring of protection from magic
MPRegen  0.18/turn              s - ring of poison resistance

@: mighty
A: claws 1, thin metallic scales 1, agile 1, dopey 1, high mp 1, poison
resistance, evolution 1
a: no special abilities


You were on level 8 of the Dungeon.
You were hungry.

You visited 1 branch of the dungeon, and saw 9 of its levels.

You collected 360 gold pieces.

Inventory:

Hand Weapons
 d - a +0 dagger of venom
 i - a +0 vampiric war axe (weapon)
Armour
 a - a +0 robe (worn)
 j - a +0 helmet (worn)
 l - the +5 ring mail of Generosity {*Contam *Slow +Inv Str+8, unknown}
   (You found it on level 4 of the Dungeon)

   It affects your strength (+8).
   It lets you turn invisible.
   It causes magical contamination when unequipped.
   It may slow you when you take damage.
 o - a +0 pair of gloves (worn)
Jewellery
 e - a ring of protection from magic (left hand)
 p - an uncursed ring of positive energy
 s - a ring of poison resistance (right hand)
 t - an uncursed ring of positive energy
Scrolls
 n - 2 scrolls of remove curse
 r - a scroll of amnesia
 v - a scroll of enchant weapon {unknown}
Potions
 b - a potion of ambrosia {unknown}
 f - a potion of lignification
 g - a potion of invisibility
 h - a potion of might
 k - 2 potions of curing
 m - 2 potions of haste
 q - a potion of magic {unknown}
 u - a potion of flight {unknown}
Comestibles
 c - 12 rations


   Skills:
 + Level 6.7 Fighting
 + Level 7.0 Dodging
 - Level 1.7 Stealth
 + Level 6.4 Spellcasting
 + Level 7.8 Conjurations


You had 14 spell levels left.
You knew the following spells:

 Your Spells              Type           Power        Failure   Level  Hunger
a - Magic Dart            Conj           ####         1%          1    None
b - Searing Ray           Conj           #####.       1%          2    None
c - Dazzling Flash        Conj/Hex       ####..       4%          3    #......

Your spell library contained the following spells:

 Spells                   Type           Power        Failure   Level  Hunger
 Fulminant Prism          Conj/Hex       ####......   16%         4    ###....
 Iskenderun's Mystic Bla  Conj/Tloc      ####....     16%         4    ###....
 Iskenderun's Battlesphe  Conj/Chrm      ####....     41%         5    #####..
 Bolt of Magma            Conj/Fire/Erth ###.......   61%         5    #####..
 Iron Shot                Conj/Erth      ####......   94%         6    ######.
 Orb of Destruction       Conj           #####.....   96%         7    #######
 Spellforged Servitor     Conj/Summ      ####......   100%        7    #######


Dungeon Overview and Level Annotations

Branches:
Dungeon (9/15)             Temple (0/1) D:4
   Lair: D:8-11         Orc: D:9-12

Shops:
D:7 [[   D:9 **==


Innate Abilities, Weirdness & Mutations

You have an increased reservoir of magic. (+10% MP)
You have sharp fingernails.
You are partially covered in thin metallic scales. (AC +2)
You are agile. (Dex +2)
You are dopey. (Int -2)
Your system is resistant to poisons. (rPois)
You evolve.


Message History

The orc warrior hits you with a +0 short sword!
* * * LOW HITPOINT WARNING * * *
A crimson imp comes into view.
The orc warrior hits you but does no damage.
The crimson imp shouts!
You slash the orc warrior!
The orc warrior is heavily wounded.
The orc warrior misses you.
You closely miss the orc warrior.
The orc warrior is heavily wounded.
The orc warrior hits you with a +0 short sword.
* * * LOW HITPOINT WARNING * * *
The orc warrior misses you.
You closely miss the orc warrior.
The orc warrior is heavily wounded.
The orc warrior misses you.
You hit the orc warrior.
You feel better.
The orc warrior is heavily wounded.
The orc warrior hits you with a +0 short sword!
You die...

#.......#.#..####.
##.###.....#..#
#..# #.....#..#
#.## ##..#.#..#
#.# #.......# #.#
##.....## #.#
#.5...# #.#
#)o...# #.#
#<@)..# ###
#)(...# #.....#
#######


You could see an orc warrior and a crimson imp.

Vanquished Creatures
  Prince Ribbit (D:6)
  A spriggan (D:9)
  A yak (D:9)
  Eustachio (D:6)
  2 hungry ghosts
  An acid dragon (D:9)
  The ghost of waddelsworth the Digger, an amateur GrEE of Nemelex Xobeh (D:4)
  2 water moccasins
  2 black bears (D:6)
  An orc warrior (D:9)
  A sky beast (D:9)
  A phantom (D:7)
  2 necrophages
  5 ogres
  A centaur (D:8)
  2 bullfrogs
  3 scorpions
  8 killer bees (D:9)
  5 wights (D:9)
  An electric eel (D:9)
  A howler monkey (D:3)
  2 crimson imps
  5 hounds
  2 jellies
  5 orc priests
  A bullfrog skeleton (D:9)
  5 orc wizards
  6 worker ants
  Natasha (thrice) (D:2)
  3 iguanas
  2 hound skeletons
  A howler monkey skeleton (D:9)
  A gnoll (D:9)
  9 adders
  A shadow imp (D:7)
  An adder zombie (D:8)
  2 adder skeletons
  A worm (D:2)
  7 dart slugs
  2 leopard geckos
  26 orcs
  2 ball pythons
  8 bats
  3 giant cockroaches
  7 goblins
  7 hobgoblins
  4 jackals (D:6)
  3 kobolds
  2 quokkas
  6 frilled lizards
  2 quokka skeletons
  8 rats
180 creatures vanquished.

Vanquished Creatures (others)
  An orc priest (D:8)
1 creature vanquished.

Grand Total: 181 creatures vanquished

Notes
Turn   | Place    | Note
-------+----------+-------------------------------------------
     0 | D:1      | DasRunzen the Demigod Conjurer began the quest for the Orb.
     0 | D:1      | Reached XP level 1. HP: 14/14 MP: 5/5
   298 | D:1      | Reached XP level 2. HP: 22/22 MP: 1/7
   373 | D:1      | Learned a level 2 spell: Searing Ray
   625 | D:1      | Reached skill level 1 in Fighting
  1022 | D:2      | Reached XP level 3. HP: 28/28 MP: 6/8
  1027 | D:2      | Noticed Natasha
  1030 | D:2      | Killed Natasha
  1162 | D:2      | Reached XP level 4. HP: 35/35 MP: 4/10
  1266 | D:2      | Noticed Natasha
  1270 | D:2      | Killed Natasha
  1623 | D:2      | Noticed Natasha
  1630 | D:2      | Killed Natasha
  2237 | D:3      | Reached XP level 5. HP: 19/41 MP: 12/12
  2499 | D:3      | Gained mutation: You are dopey. (Int -2) [potion of
                  | mutation]
  2499 | D:3      | Gained mutation: You are partially covered in thin metallic
                  | scales. (AC +2) [potion of mutation]
  2499 | D:3      | Gained mutation: You evolve. [potion of mutation]
  2499 | D:3      | Gained mutation: Your system is resistant to poisons.
                  | (rPois) [potion of mutation]
  2566 | D:4      | Noticed an ogre
  2566 | D:4      | Noticed an ogre
  2574 | D:3      | Killed an ogre
  2646 | D:4      | Reached XP level 6. HP: 24/50 MP: 5/13
  2763 | D:4      | Found a staircase to the Ecumenical Temple,
  2801 | D:4      | Found an opulent altar of Gozag,
  2838 | D:4      | Got an amber-studded ring mail
  2843 | D:4      | Noticed waddelsworth's ghost (amateur GrEE)
  2844 | D:4      | Found a transporter,
  2845 | D:4      | Found a transporter,
  2898 | D:4      | Reached skill level 5 in Conjurations
  3056 | D:4      | Found a shimmering altar of Xom,
  3114 | D:4      | Found a shimmering blue altar of Sif Muna,
  3348 | D:4      | Reached XP level 7. HP: 57/57 MP: 7/15
  3359 | D:4      | Killed waddelsworth's ghost
  3486 | D:5      | Entered Level 5 of the Dungeon
  3487 | D:5      | Upgraded the game from 0.25-a0-699-g25a338df49 to
                  | 0.25-a0-701-gb30f108f01
  3631 | D:5      | Found a blossoming altar of Fedhas.
  4078 | D:6      | Found a white marble altar of Elyvilon.
  4103 | D:6      | Noticed Prince Ribbit
  4190 | D:6      | Killed Prince Ribbit
  4190 | D:6      | Reached XP level 8. HP: 52/67 MP: 6/18
  4275 | D:6      | Found a sacrificial altar of Ru.
  4357 | D:6      | Reached skill level 5 in Dodging
  4444 | D:6      | Noticed Eustachio
  4464 | D:6      | Gained mutation: You have sharp fingernails. [evolution]
  4475 | D:6      | Killed Eustachio
  4819 | D:7      | Reached skill level 5 in Fighting
  4819 | D:7      | Reached skill level 5 in Spellcasting
  5193 | D:7      | Found Berulidi's Antique Armour Shop.
  5211 | D:7      | Gained mutation: You are agile. (Dex +2) [evolution]
  5319 | D:7      | Reached XP level 9. HP: 71/74 MP: 8/20
  5342 | D:7      | Found Gabrea's Armour Emporium.
  5448 | D:7      | Found a sacrificial altar of Ru.
  5584 | D:8      | Noticed a skeletal warrior
  5585 | D:8      | Noticed a skeletal warrior
  5585 | D:8      | Noticed a skeletal warrior
  5585 | D:8      | Noticed a skeletal warrior
  6206 | D:6      | Learned a level 3 spell: Dazzling Flash
  6348 | D:8      | Noticed a skeletal warrior
  6930 | D:9      | Found Coseodgh's Jewellery Shoppe.
  6992 | D:9      | Found Comyn's Jewellery Boutique.
  7187 | D:9      | Found Asufroz's General Store.
  7189 | D:9      | Found Gerchixan's General Store.
  7371 | D:9      | Noticed a gargoyle
  7421 | D:8      | HP: 3/78 [orc warrior/+0 short sword (6)]
  7423 | D:8      | Mangled by an orc warrior

Levels and vault maps discovered:
D:1:      minmay_arrival_four_houses, layout_loops_corners, st_stairs_8,
          nrook_uturn
D:2:      layout_basic, uniq_natasha
D:3:      layout_loops_corners, first_ration
D:4:      layout_rooms, lemuel_blue_sif_altar, nicolae_gozag_seed_capital,
          tgw_xom, minmay_temple_entry_drinking_statues, gammafunk_ghost_arena
D:5:      layout_rooms, fedhas_altar_fruit_tree
D:6:      layout_basic, kennysheep_mini, elyvilon_altar_3, uniq_prince_ribbit1,
          uniq_eustachio
D:7:      layout_loops_ring, nicolae_overflow_hidden_temple, basic_altar,
          serial_shops, shop, shop
D:8:      layout_loops_cross, kennysheep_generic_room_11, uniq_maurice
D:9:      layout_rooms, serial_shops, shop, nicolae_shop_waterfront,
          nicolae_shop_waterfront, shop, the_bakery, minmay_pinched_square

Skill      XL: |  1  2  3  4  5  6  7  8  9 |
---------------+----------------------------+-----
Dodging        | 2 3 4 5 7 |  7.0
Spellcasting   | 2 3 4 5 6 |  6.4
Fighting       | 1 2 3 4 5 6 |  6.7
Conjurations   | 4 5 6 7 |  7.8
Stealth        | |  1.7

Action                   |  1- 3 |  4- 6 |  7- 9 || total
-------------------------+-------+-------+-------++-------
Melee: Unarmed           |    10 |       |       ||    10
       Dagger            |     1 |     1 |       ||     2
       War axe           |       |    54 |   184 ||   238
 Cast: Magic Dart        |    64 |    49 |     9 ||   122
       Searing Ray       |     1 |    16 |    63 ||    80
       Dazzling Flash    |       |       |     2 ||     2
  Use: Scroll            |     3 |     5 |    12 ||    20
       Potion            |       |     1 |     3 ||     4
 Stab: Sleeping          |       |     3 |     3 ||     6
       Invisible         |       |     3 |     3 ||     6
  Eat: Chunk             |     1 |     7 |     9 ||    17
       Ration            |       |       |     2 ||     2
Armor: Robe              |     3 |    15 |    82 ||   100
Dodge: Dodged            |     6 |    59 |   298 ||   363

Table legend:
 A = Non-vault XP
 B = Vault XP
 C = Vault XP percentage of total XP
 D = Non-vault monster count
 E = Vault monster count
 F = Vault count percentage of total count
                 A         B        C        D         E       F
            +---------+---------+-------+---------+---------+-------
      Total |    4590 |    1855 |  28.8 |     160 |      21 |  11.6
            +---------+---------+-------+---------+---------+-------
        D:1 |      44 |       2 |   4.3 |      24 |       1 |   4.0
        D:2 |     133 |      35 |  20.8 |      21 |       1 |   4.5
        D:3 |     191 |       0 |   0.0 |      11 |       0 |   0.0
        D:4 |     436 |     217 |  33.2 |      17 |       9 |  34.6
        D:5 |     187 |       0 |   0.0 |       5 |       0 |   0.0
        D:6 |     568 |     471 |  45.3 |      16 |       2 |  11.1
        D:7 |    1330 |       0 |   0.0 |      34 |       0 |   0.0
        D:8 |     501 |       0 |   0.0 |      11 |       0 |   0.0
        D:9 |    1200 |    1130 |  48.5 |      21 |       8 |  27.6
            +---------+---------+-------+---------+---------+-------
